 Dungeon Crawl Stone Soup version 0.25-a0-292-gaa31f046c4 (webtiles) character file.

Game seed: 3919005840529942065, levelgen mode: deterministic

79 MoonlitKnight the Cutter (level 4, -3/34 HPs)
             Began as a Vampire Gladiator on Dec 15, 2019.
             Slain by Terence
             ... wielding a +1 flail of protection
              (5 damage)
             ... on level 2 of the Dungeon.
             The game lasted 00:03:14 (1386 turns).

MoonlitKnight the Cutter (Vampire Gladiator)        Turns: 1386, Time: 00:03:15

Health: -3/34      AC:  6    Str: 13    XL:     4   Next: 16%
Magic:  4/4        EV: 12    Int: 10    God:
Gold:   136        SH:  0    Dex: 16    Spells: 3/3 levels left

rFire    . . .     SeeInvis +   l - -1 dagger (curse)
rCold    . . .     Gourm    .   (no shield)
rNeg     . . .     Faith    .   o - +0 ring mail
rPois    .         Spirit   .   c - +0 helmet
rElec    .         Reflect  .   (no cloak)
rCorr    .         Harm     .   (no gloves)
MR       .....                  (no boots)
Stlth    +.........             (no amulet)
HPRegen  0.31/turn              (no ring)
MPRegen  0.09/turn              (no ring)

@: regenerating quickly
A: no food, fangs 3, see invisible, unbreathing
a: Exsanguinate


You were on level 2 of the Dungeon.
You were alive.

You visited 1 branch of the dungeon, and saw 3 of its levels.

You collected 136 gold pieces.

Inventory:

Hand Weapons
 a - a +0 rapier
 l - a cursed -1 dagger (weapon)
Missiles
 d - 2 throwing nets (quivered)
Armour
 c - a +0 helmet (worn)
 o - a +0 ring mail (worn)
Jewellery
 n - an uncursed ring of ice {unknown}
Scrolls
 b - a scroll of magic mapping {unknown}
 e - 2 scrolls of identify {unknown}
 h - a scroll of enchant armour {unknown}
 j - a scroll of blinking {unknown}
 k - a scroll of fear {unknown}
 m - a scroll of remove curse {unknown}
 p - a scroll of amnesia {unknown}
Potions
 f - 2 potions of heal wounds {unknown}
 g - a potion of invisibility {unknown}
 i - a potion of magic {unknown}


   Skills:
 + Level 2.5 Fighting
 * Level 4.5 Short Blades
 - Level 1.5 Throwing
 + Level 3.9 Dodging


You had 3 spell levels left.
You didn't know any spells.
Your spell library was empty.

Dungeon Overview and Level Annotations

Branches:
Dungeon (3/15)

Altars:

Annotations:
D:2 Terence


Innate Abilities, Weirdness & Mutations

You do not eat.
Your natural rate of healing is unusually fast.
You have razor-sharp teeth.
You have supernaturally acute eyesight. (SInv)
You can survive without breathing.


Message History

Terence is heavily wounded.
Terence hits you with a +1 flail of protection!
* * * LOW HITPOINT WARNING * * *
You hit Terence but do no damage.
Terence is heavily wounded.
You hit Terence but do no damage.
Terence is heavily wounded.
Terence shouts, "ATTACK!!!"
Terence misses you.
You hit Terence but do no damage. You bite Terence, but do no damage.
Terence is heavily wounded.
Terence says, "Time to say good-bye..."
Terence barely misses you.
You hit Terence but do no damage. You bite Terence, but do no damage.
Terence is heavily wounded.
You hit Terence but do no damage.
Terence is heavily wounded.
Terence shouts, "Now you die!"
Terence hits you with a +1 flail of protection.
You die...

########################
#............##.....@g..
#............##.########
#............##g# #
########.....@†....# #.# #
................@....# #@#
# #.########...........#
#.# # #.#
######...........# #.# #
#.# #................# #.#
# #.#
#.....######.#######.# #
#.# #.....# #....@.g..# #
#.###.....## #############
#
......................g@.#
#
..###############....###.#
#


You could see Terence.

Vanquished Creatures
  2 adders (D:2)
  A worm (D:2)
  3 dart slugs
  2 leopard geckos (D:1)
  An orc (D:3)
  3 giant cockroaches
  10 goblins
  8 hobgoblins
  2 kobolds (D:1)
  A quokka (D:2)
  A ball python (D:2)
  5 bats
  A frilled lizard (D:1)
  5 rats (D:1)
45 creatures vanquished.

Notes
Turn   | Place    | Note
-------+----------+-------------------------------------------
     0 | D:1      | MoonlitKnight the Vampire Gladiator began the quest for the
                  | Orb.
     0 | D:1      | Reached XP level 1. HP: 16/16 MP: 1/1
    59 | D:1      | Reached XP level 2. HP: 20/22 MP: 2/2
   238 | D:1      | Reached skill level 4 in Short Blades
   349 | D:1      | Reached XP level 3. HP: 26/27 MP: 3/3
  1051 | D:2      | Reached XP level 4. HP: 6/34 MP: 4/4
  1231 | D:2      | Noticed Terence
  1381 | D:2      | HP: 1/34 [Terence/+1 flail of protection (7)]
  1386 | D:2      | Slain by Terence

Levels and vault maps discovered:
D:1:      lightli_arrival_statue_moat, layout_rooms
D:2:      layout_basic, minmay_rat_gold_closets, uniq_terence
D:3:      layout_basic

Skill      XL: |  1  2 |
---------------+-------+-----
Fighting       | 2 |  2.5
Short Blades   | 4 |  4.5
Throwing       | |  1.5
Dodging        | |  3.9

Action                   |  1- 3 |  4- 6 || total
-------------------------+-------+-------++-------
Melee: Rapier            |    74 |       ||    74
       Bite              |    17 |    18 ||    35
       Dagger            |    94 |    80 ||   174
Throw: Throwing net      |       |     1 ||     1
Armor: Leather armour    |    23 |       ||    23
       Ring mail         |    31 |     9 ||    40
Dodge: Dodged            |   112 |    39 ||   151

Table legend:
 A = Non-vault XP
 B = Vault XP
 C = Vault XP percentage of total XP
 D = Non-vault monster count
 E = Vault monster count
 F = Vault count percentage of total count
                 A         B        C        D         E       F
            +---------+---------+-------+---------+---------+-------
      Total |     113 |       0 |   0.0 |      45 |       0 |   0.0
            +---------+---------+-------+---------+---------+-------
        D:1 |      48 |       0 |   0.0 |      26 |       0 |   0.0
        D:2 |      62 |       0 |   0.0 |      18 |       0 |   0.0
        D:3 |       3 |       0 |   0.0 |       1 |       0 |   0.0
            +---------+---------+-------+---------+---------+-------
